AoeStats
← Agus Talleres 2

African Clearing

510910788Analyzed
4v4 RM · 10h ago on Oct 3, 2026· 43m 26s· 8 players
Game mode
Random Map
Map size
Large (8 player)
Population
200
Speed
Normal
Resources
Standard
Victory
Conquest
Starting age
Dark Age
Ending age
Imperial Age
RankedLock teamsTeams togetherTeam positionsShared explorationLock speedFull tech treeHidden civsTurbo modeCheats
Victory
Defeat
🇦🇪 Lithuanians · United Arab Emirates
1261
+13
🇧🇷 Tatars · Brazil
1256
+13
🇦🇺 Burgundians · Australia
1237
+14
1203
+15
🇦🇷 Spanish · Argentina
1414
-22
🇧🇴 Japanese · Bolivia
1209
-15
🇦🇷 Magyars · Argentina
1071
-9
🇺🇾 Khmer · Uruguay
1068
-9
[MassA]Azrael
10:01 Loom
12:23 Feudal Age
16:44 Castle Age
15:19 Double-Bit Axe
16:57 Fletching
18:07 Bow Saw
18:59 Bodkin Arrow
20:04 Town Watch
24:10 Bloodlines
25:05 Husbandry
27:45 Ballistics
27:45 Padded Archer Armor
27:58 Horse Collar
29:07 Leather Archer Armor
32:58 Wheelbarrow
34:06 Gold Mining
39:03 Imperial Age
38:08 Hand Cart
39:24 Silk Armor
39:51 Bracer
40:38 Town Patrol
41:11 Ring Archer Armor
42:39 Chemistry
StandingTall
4:28 Loom
14:59 Feudal Age
18:11 Horse Collar
22:12 Wheelbarrow
27:21 Castle Age
25:30 Heavy Plow
26:01 Double-Bit Axe
26:29 Fletching
35:20 Husbandry
35:40 Bow Saw
38:09 Stone Mining
38:13 Gold Mining
39:04 Light Cavalry
42:19 Forging
43:37 Iron Casting
43:52 Scale Barding Armor
44:11 Hand Cart
有点b数吧,好好玩
4:31 Loom
14:13 Feudal Age
15:21 Double-Bit Axe
15:22 Horse Collar
18:04 Castle Age
20:02 Wheelbarrow
20:18 Fishing Lines
21:54 Hand Cart
28:14 Gold Mining
33:37 Stone Mining
35:43 Bow Saw
35:38 Heavy Plow
36:48 Stone Shaft Mining
36:49 Gold Shaft Mining
36:14 Gillnets
42:13 Imperial Age
41:06 Scale Barding Armor
41:12 Forging
43:13 Heavy Camel Rider
CilleR
3:46 Loom
15:56 Feudal Age
17:09 Double-Bit Axe
20:03 Castle Age
26:07 Fishing Lines
28:04 Gillnets
29:48 Bow Saw
29:24 Horse Collar
34:49 Imperial Age
32:16 Stone Mining
32:24 Gold Mining
33:20 Wheelbarrow
35:32 Scale Barding Armor
35:39 Forging
35:41 Bloodlines
35:33 Husbandry
34:55 Elite Leitis
35:59 Conscription
36:07 Conscription
36:36 Heavy Plow
37:50 Chain Barding Armor
38:06 Iron Casting
38:51 Hand Cart
39:49 Two-Man Saw
40:54 Plate Barding Armor
[LOPDA] Carpincho Uruguayo
15:45 Feudal Age
16:24 Loom
19:22 Castle Age
19:04 Bloodlines
20:22 Forging
20:18 Scale Barding Armor
20:16 Horse Collar
22:37 Iron Casting
24:40 Wheelbarrow
23:51 Town Watch
39:00 Hand Cart
38:45 Town Patrol
41:27 Fletching
41:37 Padded Archer Armor
43:01 Chain Barding Armor
cekiel aca t ala dilolio
3:36 Loom
17:16 Feudal Age
18:16 Double-Bit Axe
27:42 Castle Age
25:40 Horse Collar
26:44 Bloodlines
27:49 Scale Barding Armor
28:12 Gold Mining
31:42 Husbandry
33:33 Chain Barding Armor
37:02 Fletching
37:12 Padded Archer Armor
37:58 Stone Mining
37:56 Elite Skirmisher
39:27 Wheelbarrow
40:08 Bodkin Arrow
40:29 Leather Archer Armor
43:12 Thumb Ring
Agus Talleres 2
5:37 Loom
13:04 Feudal Age
17:20 Castle Age
15:47 Double-Bit Axe
19:03 Bow Saw
27:56 Padded Archer Armor
27:53 Gold Mining
29:13 Leather Archer Armor
34:49 Wheelbarrow
34:40 Horse Collar
37:32 Scale Barding Armor
37:37 Forging
37:44 Heavy Plow
38:27 Town Watch
39:46 Stone Mining
40:39 Chain Barding Armor
40:55 Iron Casting
43:14 Imperial Age
42:34 Bloodlines
42:24 Husbandry
[Traidor] Staun
4:38 Loom
17:19 Feudal Age
17:34 Man-at-Arms
26:44 Castle Age
25:21 Forging
25:29 Double-Bit Axe
25:27 Horse Collar
28:11 Fletching
28:40 Padded Archer Armor
30:01 Bodkin Arrow
31:22 Scale Mail Armor
31:43 Leather Archer Armor
31:45 Squires
33:17 Chain Mail Armor
34:32 Husbandry
36:34 Iron Casting
36:48 Ballistics
37:46 Bloodlines
37:49 Heavy Plow
38:36 Thumb Ring
39:03 Murder Holes
43:43 Imperial Age
41:03 Town Watch
43:36 Wheelbarrow
Connection lost

Rejoining the realm…

Still unreachable

The connection could not be restored.

Session expired

The server has moved on; the page needs a fresh start.